 Dungeon Crawl Stone Soup version 0.26-a0-639-g72c4674329 (webtiles) character file.

Game seed: 2847564865131891761

29437 PentaManta the Nimble (level 13, -9/88 HPs)
             Began as a Halfling Hunter on Sept 17, 2020.
             Was a High Priest of Nemelex Xobeh.
             Mangled by Rupert
             ... wielding a +2 executioner's axe of flaming
              (35 damage)
             ... on level 4 of the Lair of Beasts.
             The game lasted 01:52:11 (22454 turns).

PentaManta the Nimble (Halfling Hunter)            Turns: 22454, Time: 01:52:11

Health: -9/88      AC:  3    Str: 17    XL:     13   Next: 81%
Magic:  0/21       EV: 29    Int: 11    God:    Nemelex Xobeh [*****.]
Gold:   1008       SH:  0    Dex: 16    Spells: 12/12 levels left

rFire    . . .     SeeInvis .   a - +2 hunting sling
rCold    . . .     Faith    .   (shield restricted)
rNeg     . . .     Spirit   +   (no armour)
rPois    +         Reflect  .   (no helmet)
rElec    .         Harm     .   K - +0 cloak
rCorr    .         Rampage  .   T - +0 pair of gloves "Giamon" {Int+2}
MR       .....                  (no boots)
Stlth    ++........             g - amulet of guardian spirit
HPRegen  0.24/turn              W - +4 ring of evasion
MPRegen  0.17/turn              S - ring of poison resistance

@: no status effects
A: small, mutation resistance 1
a: Draw Escape, Draw Destruction, Draw Summoning, Triple Draw, Deal Four, Stack
Five, Renounce Religion


You were on level 4 of the Lair of Beasts.
You worshipped Nemelex Xobeh.
Nemelex Xobeh was extremely pleased with you.
You visited 3 branches of the dungeon, and saw 17 of its levels.
You also visited: Sewer.

You collected 1320 gold pieces.
You spent 312 gold pieces at shops.

Inventory:

Hand Weapons
 a - a +2 hunting sling (weapon)
 H - a +2 rapier of speed
 I - a +2 antimagic whip
 Q - the +10 rapier "Evvoczov" {vorpal, +Inv}
   (You found it on level 8 of the Dungeon)

   It inflicts extra damage upon your enemies.
   It lets you turn invisible.
Missiles
 d - 87 sling bullets (quivered)
 f - 277 stones
 j - 6 curare-tipped darts
 w - 35 poisoned darts
 D - 3 throwing nets
 E - 44 bolts
 M - 10 atropa-tipped darts
 N - 60 arrows
Armour
 q - a +0 kite shield
 s - a +0 plate armour
 t - a +2 ring mail of poison resistance
 F - a +0 scale mail of cold resistance
 K - a +0 cloak (worn)
 P - a +0 troll leather armour
 T - the +0 pair of gloves "Giamon" (worn) {Int+2}
   (You found it on level 9 of the Dungeon)

   It affects your intelligence (+2).
 U - +0 acid dragon scales
 Y - the +1 robe of Existentialism {Harm rN+}
   (You found it on level 7 of the Dungeon)

   It protects you from negative energy.
   It increases damage dealt and taken.
Jewellery
 b - an uncursed ring of resist corrosion
 e - an uncursed amulet of the acrobat
 g - an amulet of guardian spirit (around neck)
 y - an uncursed amulet of faith {unknown}
 J - an uncursed ring of fire
 S - a ring of poison resistance (right hand)
 W - a +4 ring of evasion (left hand)
 X - the ring "Qoowyxos" {Str+6 Int+2, unknown}
   (You found it on level 3 of the Lair of Beasts)

   [ring of strength]

   It affects your strength (+6).
   It affects your intelligence (+2).
Wands
 c - a wand of flame (7)
 r - a wand of random effects (21)
 u - a wand of digging (4)
 L - a wand of enslavement (29)
Scrolls
 h - a scroll of fear
 i - a scroll of blinking
 l - 9 scrolls of identify
 v - 5 scrolls of remove curse
 x - 3 scrolls of teleportation
 C - 2 scrolls of magic mapping
 O - 4 scrolls of amnesia
 R - 2 scrolls of enchant armour
Potions
 k - 3 potions of heal wounds
 m - 4 potions of flight
 n - 2 potions of invisibility
 o - 13 potions of curing
 p - a potion of magic
 z - 4 potions of berserk rage
 A - 5 potions of brilliance
 B - 5 potions of stabbing
 G - 2 potions of mutation
 V - 3 potions of lignification
 Z - a potion of ambrosia


   Skills:
 + Level 8.3 Fighting
 - Level 12.1 Slings
 * Level 12.5 Armour
 * Level 12.7 Dodging
 - Level 1.1 Stealth
 + Level 11.0 Invocations


You had 12 spell levels left.
You didn't know any spells.
Your spell library contained the following spells:

 Spells                   Type           Power        Failure   Level
 Sandblast                Erth           #.....       34%         1
 Ensorcelled Hibernation  Hex/Ice        #.....       47%         2
 Passwall                 Tmut/Erth      #.......     47%         2
 Stone Arrow              Conj/Erth      #.....       71%         3
 Cause Fear               Hex            #.........   98%         4
 Petrify                  Tmut/Erth      #.......     98%         4
 Borgnjor's Vile Clutch   Necr/Erth      #.........   100%        5
 Lee's Rapid Deconstruct  Erth           #.........   100%        5
 Silence                  Hex/Air        #.........   100%        5
 Yara's Violent Unravell  Hex/Tmut       #.........   100%        5
 Shadow Creatures         Summ           N/A          100%        6
 Discord                  Hex            #.........   100%        8


Dungeon Overview and Level Annotations

Branches:
Dungeon (12/15)            Temple (1/1) D:7            Lair (4/6) D:8
  Swamp (0/4) Lair:3        Snake (0/4) Lair:4        Sewer (visited)
    Orc: D:9-12

Altars:
Ashenzari
Cheibriados
Dithmenos
Elyvilon
Fedhas
Gozag
Hepliaklqana
Kikubaaqudgha
Makhleb
Nemelex Xobeh
Okawaru
Qazlal
Ru
Sif Muna
Trog
Uskayaw
Vehumet
Wu Jian
Xom
Yredelemnul
Zin
The Shining One

Shops:
D:5 *

Annotations:
Lair:4 Rupert
Abyss:1 Fannar


Innate Abilities, Weirdness & Mutations

You are small and have problems with some larger weapons.
You are somewhat resistant to further mutation.


Message History

The seven-headed hydra completely misses you. x2
The seven-headed hydra misses you.
The seven-headed hydra completely misses you.
The seven-headed hydra bites you!
* * * LOW HITPOINT WARNING * * *
The yak completely misses you. x2
The seven-headed hydra completely misses you. x3
The seven-headed hydra barely misses you.
The seven-headed hydra completely misses you.
The seven-headed hydra misses you.
The seven-headed hydra completely misses you.
You see here a +0 flail.
The yak completely misses you. The yak barely misses you.
The yak completely misses you. The yak barely misses you.
Rupert roars madly and goes into a rage!
Rupert goes berserk!
Rupert misses you. The yak completely misses you. The yak barely misses you.
Rupert hits you with a +2 executioner's axe of flaming!!!
You die...
Your body glows with a rainbow of weird colours and disappears.

≈≈≈≈...PP≈≈≈#................# #
#≈≈.≈.....≈≈.................##.
#≈≈...>..P≈≈#...................
#≈≈......≈≈≈≈.....#..###........
.≈≈≈.....≈≈≈.....###.##....)....
#.≈≈≈...≈≈≈.....####.###........
#≈≈≈≈≈≈≈≈≈......# #..###........
###.≈≈≈≈≈.....Y.###....##.......
##P........DY@Y###.#.#P.......
###.......)Yr@Y.#..#.........
#.....÷..tY.÷.#Y...........
#....................##.... ###
####......##..<.÷....#.##...P
.PP##.#......##..#......#.#.#Y.YY
...[........>..................Y.
..........########........###P#..
.#...#....# #.........# ####.


You could see Rupert (berserk), a seven-headed hydra, 6 yaks, a crocodile and a
porcupine.

Vanquished Creatures
  A ghost moth (Lair:2)
  Harold (Lair:1)
  4 hydras
  A two-headed ogre (D:10)
  4 death yaks
  An unseen horror (Lair:2)
  An ugly thing (D:11)
  Maurice (D:9)
  A black mamba (Lair:3)
  A gargoyle (D:11)
  Maggie (D:6)
  7 cane toads
  2 komodo dragons
  5 trolls
  2 hornets
  2 bog bodies (Lair:3)
  6 hippogriffs
  Grinder (D:6)
  A vampire (D:9)
  A shadow (D:10)
  A wyvern (Lair:1)
  Eustachio (D:6)
  2 basilisks
  31 yaks
  6 water moccasins
  2 nagas (Lair:4)
  An acid dragon (D:11)
  9 porcupines
  An orc warrior (D:10)
  A sky beast (D:11)
  2 black bears (D:10)
  3 ice beasts
  3 phantoms
  An eye of draining (D:12)
  A necrophage (D:7)
  7 wolves
  5 centaurs
  6 ogres
  8 crocodiles
  4 big kobolds
  11 bullfrogs
  2 scorpions
  3 killer bees (D:11)
  4 wights (D:9)
  2 howler monkeys
  8 hounds
  A quasit (D:8)
  5 orc priests
  Crazy Yiuf (D:2)
  2 centaur skeletons (D:4)
  6 gnoll shamans
  5 iguanas
  5 orc wizards
  2 killer bee zombies
  4 worker ants
  2 hound skeletons
  A howler monkey zombie (D:7)
  2 worker ant zombies
  34 gnolls
  2 howler monkey skeletons
  8 adders
  5 shadow imps
  3 white imps
  3 ufetubi
  4 oozes (Sewer)
  2 adder skeletons
  4 worms
  A dart slug (D:5)
  2 leopard geckos
  22 orcs
  3 ball pythons
  8 bats
  A giant cockroach (Sewer)
  12 goblins
  7 hobgoblins
  20 jackals
  25 kobolds
  3 quokkas
  7 frilled lizards
  A leopard gecko skeleton (D:9)
  10 rats
  A bush (D:8)
393 creatures vanquished.

Vanquished Creatures (collateral kills)
  A yak (Lair:3)
  A bullfrog (Lair:3)
2 creatures vanquished.

Vanquished Creatures (others)
  A scorpion (D:5)
  45 fungi
  66 plants
112 creatures vanquished.

Grand Total: 507 creatures vanquished

Notes
Turn   | Place    | Note
-------+----------+-------------------------------------------
     0 | D:1      | PentaManta the Halfling Hunter began the quest for the Orb.
     0 | D:1      | Reached XP level 1. HP: 14/14 MP: 1/1
   226 | D:1      | Found a sparkling altar of Nemelex Xobeh.
   264 | D:1      | Became a worshipper of Nemelex Xobeh the Trickster
   287 | D:1      | Reached XP level 2. HP: 19/19 MP: 2/2
   555 | D:1      | Received a gift from Nemelex Xobeh
   716 | D:2      | Reached skill level 1 in Invocations
   717 | D:2      | Reached XP level 3. HP: 24/24 MP: 3/3
  1172 | D:2      | Found a runed translucent door.
  1173 | D:2      | Noticed Crazy Yiuf
  1421 | D:2      | Found a basalt altar of Yredelemnul.
  1424 | D:2      | Found a shimmering blue altar of Sif Muna.
  1524 | D:2      | Reached XP level 4. HP: 27/29 MP: 5/5
  1647 | D:2      | Reached * piety under Nemelex Xobeh
  1862 | D:2      | Killed Crazy Yiuf
  1992 | D:3      | Received a gift from Nemelex Xobeh
  2139 | D:3      | Reached XP level 5. HP: 31/34 MP: 6/6
  2857 | D:4      | Received a gift from Nemelex Xobeh
  2867 | D:4      | Noticed an ogre
  2888 | D:4      | Killed an ogre
  2888 | D:4      | Reached XP level 6. HP: 39/39 MP: 6/8
  3021 | D:4      | You fall into a shaft and drop 2 floors!
  3446 | D:5      | Entered Level 5 of the Dungeon
  3503 | D:5      | Reached ** piety under Nemelex Xobeh
  3594 | D:5      | Reached XP level 7. HP: 30/44 MP: 9/9
  3628 | D:5      | Found a shimmering blue altar of Sif Muna.
  3662 | D:5      | Found a glowing drain.
  3666 | Sewer    | Entered a sewer
  3828 | Sewer    | Reached skill level 10 in Slings
  4333 | D:2      | Found a shadowy altar of Dithmenos.
  4333 | D:2      | Found a burning altar of Makhleb.
  4555 | D:4      | Found a burning altar of Makhleb.
  4623 | D:4      | Reached XP level 8. HP: 49/49 MP: 11/11
  4690 | D:4      | Reached skill level 5 in Invocations
  4692 | D:4      | Got a jewelled mace
  5049 | D:5      | Found a blossoming altar of Fedhas.
  5320 | D:5      | Found Ylaer's Assorted Antiques.
  5348 | D:5      | Bought a potion of curing for 63 gold pieces
  5348 | D:5      | Bought a runed scale mail for 147 gold pieces
  5348 | D:5      | Bought a fizzy sapphire potion for 18 gold pieces
  5348 | D:5      | Bought a potion of curing for 63 gold pieces
  5348 | D:5      | Bought a scroll labeled RUSUSI BUSA for 21 gold pieces
  5446 | D:5      | Received a gift from Nemelex Xobeh
  5454 | D:5      | Reached skill level 1 in Armour
  5870 | D:6      | Noticed Maggie
  5877 | D:6      | Noticed Eustachio
  6184 | D:6      | Reached XP level 9. HP: 37/55 MP: 13/13
  6328 | D:6      | Noticed Edmund
  6355 | D:6      | Noticed Edmund
  6355 | D:6      | Edmund changed into Edmund the iguana
  6358 | D:6      | Killed Edmund the iguana
  6403 | D:6      | Identified the +6 mace of the Sage {protect, +Rage MP+9}
                  | (You found it on level 4 of the Dungeon)
  6549 | D:6      | Noticed Grinder
  6558 | D:6      | Paralysed by Grinder for 2 turns
  6562 | D:6      | Killed Grinder
  6565 | D:6      | Found a bloodstained altar of Trog.
  6589 | D:6      | Killed Maggie
  6771 | D:6      | Found an iron altar of Okawaru.
  6839 | D:6      | Killed Eustachio
  6966 | D:6      | Received a gift from Nemelex Xobeh
  7299 | D:6      | Reached skill level 5 in Dodging
  7627 | D:6      | Reached *** piety under Nemelex Xobeh
  8396 | D:7      | Found a staircase to the Ecumenical Temple.
  8401 | D:7      | Received a gift from Nemelex Xobeh
  8415 | Temple   | Entered the Ecumenical Temple
  8534 | D:7      | Reached XP level 10. HP: 65/65 MP: 15/15
  8668 | D:7      | Got a warped robe
  8866 | D:7      | Reached skill level 5 in Armour
  9488 | D:8      | Found a staircase to the Lair.
  9523 | D:8      | Reached skill level 5 in Fighting
  9530 | D:8      | Received a gift from Nemelex Xobeh
  9551 | D:8      | Reached **** piety under Nemelex Xobeh
 10176 | D:8      | Got a faintly glowing rapier
 10226 | D:9      | Identified the +10 rapier "Evvoczov" {vorpal, +Inv} (You
                  | found it on level 8 of the Dungeon)
 10520 | D:8      | Identified the cursed +1 robe of Existentialism {Harm rN+}
                  | (You found it on level 7 of the Dungeon)
 10886 | D:9      | Reached XP level 11. HP: 64/72 MP: 17/17
 11148 | D:9      | Received a gift from Nemelex Xobeh
 11499 | D:9      | Received a gift from Nemelex Xobeh
 11527 | D:9      | Noticed Maurice
 11561 | D:9      | Killed Maurice
 12076 | D:9      | Got a pair of fine gloves
 12082 | D:9      | Identified the cursed +0 pair of gloves "Giamon" {Int+2}
                  | (You found it on level 9 of the Dungeon)
 12315 | D:10     | Entered Level 10 of the Dungeon
 12315 | D:10     | Noticed a two-headed ogre
 12945 | D:10     | Killed a two-headed ogre
 13661 | D:10     | Received a gift from Nemelex Xobeh
 14105 | D:11     | Received a gift from Nemelex Xobeh
 14289 | D:11     | Reached ***** piety under Nemelex Xobeh
 15013 | D:11     | Reached XP level 12. HP: 65/80 MP: 15/19
 15405 | D:11     | Reached skill level 10 in Dodging
 15671 | D:11     | Received a gift from Nemelex Xobeh
 16003 | D:11     | Reached skill level 10 in Armour
 16204 | D:12     | Noticed Fannar
 16206 | D:12     | Banished Fannar
 16217 | D:12     | Got a crystal whip
 16296 | Lair:1   | Entered Level 1 of the Lair of Beasts
 16358 | Lair:1   | Noticed Harold
 16390 | Lair:1   | Killed Harold
 16600 | Lair:1   | Identified the cursed +2 whip of the Everdark {vorpal,
                  | +Inv} (You found it on level 12 of the Dungeon)
 17120 | Lair:1   | Received a gift from Nemelex Xobeh
 17136 | Lair:1   | Noticed a death yak
 17136 | Lair:1   | Noticed a death yak
 17138 | Lair:1   | Noticed a death yak
 17216 | Lair:1   | Killed a death yak
 17216 | Lair:1   | Reached skill level 10 in Invocations
 17767 | Lair:1   | Received a gift from Nemelex Xobeh
 18175 | Lair:1   | Noticed a death yak
 18217 | Lair:2   | Killed a death yak
 18367 | Lair:2   | Killed an unseen horror
 18741 | Lair:2   | Reached XP level 13. HP: 76/86 MP: 18/20
 18874 | Lair:2   | Noticed a five-headed hydra
 19185 | Lair:1   | Noticed a four-headed hydra
 19185 | Lair:1   | a death yak changed into a four-headed hydra
 19186 | Lair:1   | Killed a four-headed hydra
 19633 | Lair:2   | a five-headed hydra changed into something unseen
 19658 | Lair:2   | Killed a ghost moth
 19923 | Lair:2   | Received a gift from Nemelex Xobeh
 20377 | Lair:3   | Noticed a seven-headed hydra
 20380 | Lair:3   | Killed a seven-headed hydra
 20513 | Lair:3   | Received a gift from Nemelex Xobeh
 20547 | Lair:3   | Found a staircase to the Swamp.
 20916 | Lair:3   | Noticed a six-headed hydra
 20924 | Lair:3   | Noticed an eight-headed hydra
 20948 | Lair:3   | Killed a six-headed hydra
 20956 | Lair:3   | Killed an eight-headed hydra
 21484 | Lair:3   | Received a gift from Nemelex Xobeh
 21683 | Lair:4   | Found a staircase to the Snake Pit.
 21851 | Lair:4   | Noticed a seven-headed hydra
 21853 | Lair:4   | Noticed Rupert
 21856 | Lair:4   | Paralysed by Rupert for 7 turns
 22233 | Lair:3   | Got a translucent brass ring
 22454 | Lair:4   | Mangled by Rupert

Illustrated notes

Levels and vault maps discovered:
D:1:      ebering_trefoil_3fold, layout_basic, nemelex_altar_shiori
D:2:      layout_loops_ring, nicolae_overflow_hidden_temple,
          guppyfry_early_orc_mine, uniq_crazy_yiuf_cottage
D:3:      layout_basic, minivault_11
D:4:      layout_rooms, makhleb_heckhound_becter
D:5:      layout_loops_corners, serial_shops, shop, gup_sewer_entry_bowl,
          hangedman_feature_mirror
D:6:      lemuel_castle_with_subvaults [lemuel_castle_interior_carwin_3],
          layout_loops_ring, grunt_temple_overflow_bloody_war, uniq_maggie,
          uniq_grinder, uniq_edmund, uniq_eustachio
D:7:      layout_gridville, minmay_temple_entry_ruins
D:8:      layout_basic, due_lair_maze_entry_diamond, hangedman_decor_lopped,
          kb_lookout_dungeons_type
D:9:      layout_gridville, uniq_maurice
D:10:     layout_loops_cross
D:11:     layout_small_grid, minmay_misc_feat_columns
D:12:     layout_roguey, david_orc_3, uniq_fannar
Temple:   lightli_temple_of_artemis
Lair:1:   beast_lair_carwin_large_3, layout_layer_cave, grunt_megastairs_3,
          uniq_harold
Lair:2:   layout_concentric_octagons, grunt_megastairs_4
Lair:3:   layout_long_grid, skrybe_swamp_entry_bodies, serial_forest,
          infiniplex_forest_lined_room_2, infiniplex_forest_end_1,
          infiniplex_forest_clump_cross, infiniplex_forest_straight_1,
          infiniplex_forest_lined_corner, infiniplex_forest_corner_1
Lair:4:   layout_hall_layers, guppyfry_snake_entry_island, uniq_rupert

Skill      XL: |  1  2  3  4  5  6  7  8  9 10 11 12 13 |
---------------+----------------------------------------+-----
Slings         | 6 7 8 9 11 12 | 12.1
Invocations    | 1 2 3 4 6 7 8 9 10 11 | 11.0
Fighting       | 2 4 5 6 7 8 |  8.3
Armour         | 2 4 7 9 11 12 | 12.5
Dodging        | 3 5 7 9 11 12 | 12.7
Stealth        | |  1.1

Action                   |  1- 3 |  4- 6 |  7- 9 | 10-12 | 13-15 || total
-------------------------+-------+-------+-------+-------+-------++-------
Melee: Rapier            |       |       |       |    54 |    16 ||    70
       Whip              |       |       |       |     4 |       ||     4
       Hunting sling     |       |       |       |     2 |     1 ||     3
 Fire: Hunting sling     |   134 |   162 |   615 |  1360 |   351 ||  2622
       Shortbow          |       |       |       |       |     1 ||     1
Throw: Dart              |       |     5 |    36 |    21 |     5 ||    67
Invok: Draw Destruction  |       |       |    12 |    24 |    17 ||    53
       Draw Escape       |       |       |       |     2 |       ||     2
       Triple Draw       |       |       |       |     1 |       ||     1
       Draw Summoning    |       |       |       |       |     1 ||     1
Evoke: Wand              |       |       |     4 |       |     2 ||     6
  Use: Scroll            |       |    15 |     9 |     7 |     5 ||    36
       Potion            |       |       |       |     2 |       ||     2
Armor: Leather armour    |    11 |       |       |       |       ||    11
       Ring mail         |       |    12 |    45 |    18 |       ||    75
       Scale mail        |       |       |     5 |       |       ||     5
       Plate armour      |       |       |       |   209 |    46 ||   255
       Chain mail        |       |       |       |   112 |       ||   112
       Acid dragon scale |       |       |       |     2 |    34 ||    36
Dodge: Dodged            |    30 |    44 |   189 |   569 |   215 ||  1047

Table legend: (Time is in decaauts)
 A = Elapsed time spent in this place.
 B = Non-inter-level travel time spent in this place.
 C = Inter-level travel time spent in this place.
 D = Time resting spent in this place.
 E = Time spent auto-exploring this place.
 F = Levels seen in this place.
 G = Mean time per level.
                   A        B        C        D        E       F      G
               +--------+--------+--------+--------+--------+-----+--------+
         Total |  21558 |  20684 |    874 |   3111 |  10277 |  18 | 1197.7 |
       Dungeon |  15257 |  14511 |    746 |   1726 |   7786 |  12 | 1271.4 |
        Temple |    104 |    104 |      0 |      0 |     86 |   1 |  104.0 |
          Lair |   5612 |   5484 |    128 |   1364 |   2203 |   4 | 1403.0 |
         Sewer |    583 |    583 |      0 |     21 |    202 |   1 |  583.0 |
               +--------+--------+--------+--------+--------+-----+--------+

Top non-repeatable levels by time:
     D:6: 2418 daAuts
    D:10: 2085 daAuts
  Lair:1: 1894 daAuts
     D:9: 1702 daAuts
  Lair:3: 1700 daAuts
  Lair:2: 1643 daAuts
     D:8: 1623 daAuts
    D:11: 1548 daAuts
     D:5: 1321 daAuts
     D:2: 1222 daAuts
     D:3: 1113 daAuts
     D:7: 779 daAuts
     D:1: 699 daAuts
     D:4: 662 daAuts
   Sewer: 583 daAuts
